Unix NetHack Version 5.0.0-0 post-release - last build May  4 2026 22:22:43 (774f63e81ad911689b3a0859ea89b322d5daca8d,branch:main).

Game began 2026-05-08 11:03:11, ended 2026-05-08 11:38:12.

Drastanta, chaotic male elven Wizard

 ---------
 |.......|                       ###################)#####)#######
 |.......-########################                      ---------#
 |.......|  ##                                          |.......|#        ----
 |.......|   #                                          |.......|#########-..|
 ---------   #                                         #.........#        |^.|
             #                                         #|.......|#########|..|
             #                                        ##|....@'f|         |..|
             %####                                ##### |......<|         |.>|
                 #                             ####     ---------         |..|
                                              ##                          ----

Drastanta the Conjurer    St:14 Dx:14 Co:13 In:18 Wi:8 Ch:10  Chaotic
Dlvl:7  $:224 HP:0(27) Pw:52(52) AC:9  Xp:5 T:4080 

Latest messages:
 You swap places with your kitten.
 You swap places with your kitten.
 You swap places with your kitten.
 You swap places with your kitten.
 You swap places with your kitten.
 You swap places with your kitten.
 You hear some noises in the distance.
 You hear some noises in the distance.
 Double run prefix, canceled.
 You swap places with your kitten.
 You swap places with your kitten.
 You hear some noises in the distance.
 You stop searching.
 You hear some noises in the distance.
 The kitten bites the gold golem.
 The gold golem misses the kitten.
 The gold golem misses the kitten.
 The kitten misses the gold golem.
 The kitten bites the gold golem.
 The gold golem misses the kitten.
 The gold golem misses the kitten.
 The gold golem hits!
 The gold golem hits again!
 The kitten bites the gold golem.
 The gold golem hits the kitten.
 The gold golem knocks your kitten back with a powerful strike!
 The gold golem hits the kitten.
 The gold golem knocks your kitten back with a forceful strike!
 You hit the gold golem.
 The gold golem hits!
 The gold golem hits again!
 The kitten misses the gold golem.
 You miss the gold golem.
 The gold golem hits!
 The gold golem hits again!
 The kitten misses the gold golem.
 The kitten bites the gold golem.
 Are you sure you want to pray? [yn] (n) y
 You begin praying to Anhur.
 The kitten bites the gold golem.
 The kitten misses the gold golem.
 The gold golem hits!
 The gold golem hits again!
 The kitten bites the gold golem.
 The kitten bites the gold golem.
 The gold golem hits!
 You die...
 Do you want your possessions identified? [ynq] (y) y
 Do you want to see your attributes? [ynq] (y) y
 Do you want an account of creatures vanquished? [ynaq] (y) q

Inventory:
 Coins    ('$')
  $ - 224 gold pieces
 Weapons  (')')
  a - a blessed +1 quarterstaff (weapon in hands)
 Armor    ('[')
  b - an uncursed +0 cloak of magic resistance (being worn)
 Comestibles  ('%')
  s - an uncursed slime mold
  t - an uncursed tripe ration
 Scrolls  ('?')
  H - an uncursed scroll of confuse monster
  Q - a blessed scroll of destroy armor
  I - an uncursed scroll of enchant weapon
  B - an uncursed scroll of food detection
  E - an uncursed scroll of gold detection
  r - a blessed scroll of light
  u - an uncursed scroll of light
  D - an uncursed scroll of magic mapping
  L - a cursed scroll of magic mapping
  j - an uncursed scroll of remove curse
  k - an uncursed scroll of scare monster
  C - an uncursed scroll of taming
 Spellbooks  ('+')
  m - an uncursed spellbook of confuse monster
  x - an uncursed spellbook of detect monsters
  F - an uncursed spellbook of detect treasure
  l - a blessed spellbook of force bolt
  w - a blessed spellbook of stone to flesh
 Potions  ('!')
  f - an uncursed potion of blindness
  V - an uncursed potion of booze
  R - a blessed potion of hallucination
  h - a blessed potion of invisibility
  M - an uncursed potion of sickness
  g - an uncursed potion of water
 Rings    ('=')
  d - an uncursed +1 ring of increase damage (on left hand)
  e - an uncursed ring of polymorph control
 Wands    ('/')
  T - a wand of sleep named Slp/Dth (0:5)
  c - a wand of speed monster (0:6)
 Tools    ('(')
  o - an uncursed bell
  n - a magic marker (0:20)
 Gems/Stones  ('*')
  y - an uncursed worthless piece of orange glass

Drastanta the Wizard's attributes:

Background:
 You were a Conjurer, a level 5 male elven Wizard.
 You were chaotic, on a mission for Anhur
 who was opposed by Ptah (lawful) and Thoth (neutral).
 You were left-handed.
 You were in the Dungeons of Doom, on level 7.
 You entered the dungeon 4080 turns ago.
 You had 224 experience points, 96 more were needed to attain level 6.

Basics:
 You had 0 out of 27 hit points.
 You had all 52 energy points (spell power).
 Your armor class was 9.
 Your wallet contained 224 zorkmids.
 Autopickup was off.

Final Characteristics:
 Your strength was 14 (limit:18).
 Your dexterity was 14 (limit:18).
 Your constitution was 13 (limit:16).
 Your intelligence was 18 (limit:20).
 Your wisdom was 8 (limit:20).
 Your charisma was 10 (limit:18).

Final Status:
 You weren't hungry.
 You were unencumbered.
 You were wielding a quarterstaff.
 You had basic skill with quarterstaff.

Final Attributes:
 You were piously aligned.
 You were magic-protected.
 You were sleep resistant.
 You had infravision.
 You had a small damage bonus (+1).
 You were warded.
 You were unlucky.
 You are dead.

Miscellaneous:
 You didn't encounter any bones levels.
 Total elapsed playing time was 35 minutes.

Major events:
 Turn
    1: Drastanta the chaotic male elven Wizard entered the dungeon
 1812: performed his first genocide (mind flayers)
 1843: attained the rank of Conjurer (level 3)
 2012: read a Discworld novel
 4080: killed by a gold golem, while praying

Spells:
 Name                 Level Category     Fail Retention
 force bolt             1   attack         0%   71%-80%
 confuse monster        1   enchantment    0%   71%-80%
 stone to flesh         3   healing       79%  76%-100%

Skills:
 Fighting Skills
   bare handed combat [Unskilled]
   riding             [Unskilled]
 Weapon Skills
   dagger             [Unskilled]
   knife              [Unskilled]
   axe                [Unskilled]
   short sword        [Unskilled]
   club               [Unskilled]
   mace               [Unskilled]
   quarterstaff       [Basic]
   polearms           [Unskilled]
   spear              [Unskilled]
   trident            [Unskilled]
   sling              [Unskilled]
   dart               [Unskilled]
   shuriken           [Unskilled]
 Spellcasting Skills
   attack spells      [Basic]
   healing spells     [Unskilled]
   divination spells  [Unskilled]
   enchantment spells [Basic]
   clerical spells    [Unskilled]
   escape spells      [Unskilled]
   matter spells      [Unskilled]

Voluntary challenges:
 Character rerolling was not enabled.
 You genocided 1 type of monster.
 You never polymorphed an object.
 You never changed form.
 You used no wishes.
Achievements:
 You entered a shop.
 You attained the rank of Conjurer.
 You read from a Discworld novel.

 The Dungeons of Doom: levels 1 to 7
    Level 1:
       A fountain.
    Level 2:
       An altar.
    Level 3:
       A scroll shop.
    Level 4: "Spellbooks"
       Some shops.
    Level 5:
       Some fountains.
    Level 6:
       An altar to Anhur.
    Level 7: <- You were here.
       Final resting place for
          you, killed by a gold golem, while praying.


Vanquished creatures:
  a leprechaun
  a blue jelly
  a water nymph
  a rock piercer
  a gray ooze
  a kobold leader
  a hill orc
  a rothe
  a rabid rat
  2 orc zombies
  a wererat
  2 iguanas
 an acid blob
  3 coyotes
  a large kobold
  2 giant rats
  4 cave spiders
  3 garter snakes
  a gnome zombie
  2 geckos
  6 jackals
  2 kobolds
  2 goblins
  5 grid bugs
  a bat
  3 lichens
  a kobold zombie
  4 newts
55 creatures vanquished.

Genocided species:
 mind flayers
1 species genocided.

Game over:
                       ----------
                      /          \
                     /    REST    \
                    /      IN      \
                   /     PEACE      \
                  /                  \
                  |    Drastanta     |
                  |      224 Au      |
                  | killed by a gold |
                  |      golem       |
                  |                  |
                  |                  |
                  |       2026       |
                 *|     *  *  *      | *
        _________)/\\_//(\/(/\)/\//\/|_)_______

Goodbye Drastanta the Wizard...

You died in The Dungeons of Doom on dungeon level 7 with 1408 points,
and 224 pieces of gold, after 4080 moves.
You were level 5 with a maximum of 27 hit points when you died.

